 Dungeon Crawl Stone Soup version 0.22-a0-409-gb855193 (webtiles) character file.

2061 GameOver the Conjurer (level 9, 79/79 HPs)
             Began as a Naga Wizard on May 10, 2018.
             Was a Believer of Kikubaaqudgha.
             Got out of the dungeon alive.
             The game lasted 00:30:15 (5310 turns).

GameOver the Conjurer (Naga Wizard)                 Turns: 5310, Time: 00:30:15

Health: 79/79      AC:  9    Str:  9    XL:     9   Next: 25%
Magic:  13/13      EV: 15    Int: 26    God:    Kikubaaqudgha [**....]
Gold:   256        SH:  0    Dex: 11    Spells: 2/14 levels left

rFire    + . .     SeeInvis +   w - +3 quarterstaff (chaos)
rCold    . . .     Gourm    .   (shield currently unavailable)
rNeg     . . .     Faith    .   I - +2 robe {rF+}
rPois    +         Spirit   +   H - +2 hat
rElec    .         Reflect  .   e - scarf {Spirit}
rCorr    .         Harm     .   c - +0 pair of gloves
MR       +....                  (no barding)
Stlth    +++.......             (no amulet)
HPRegen  0.23/turn              l - +4 ring of evasion
MPRegen  0.13/turn              b - +5 ring of intelligence

@: very slow
A: large, see invisible, deformed body, poison resistance, slowness 2, slow
metabolism 1, spit poison 1, AC +3
a: Spit Poison, Receive Corpses, Renounce Religion


You escaped.
You worshipped Kikubaaqudgha.
Kikubaaqudgha was pleased with you.
You were not hungry.

You visited 2 branches of the dungeon, and saw 8 of its levels.

You collected 346 gold pieces.
You spent 90 gold pieces at shops.

Inventory:

Hand Weapons
 k - a +4 trident
 m - a +2 falchion of holy wrath
 q - a +0 hunting sling
 s - a cursed +4 battleaxe of freezing
 w - a +3 quarterstaff of chaos (weapon)
 F - a +2 whip of freezing
 G - a +1 flail of protection
 K - a +2 trident of protection
Missiles
 n - 41 bolts
 o - 10 javelins (quivered)
 u - 39 arrows
 E - 80 sling bullets
Armour
 c - a +0 pair of gloves (worn)
 e - a scarf of spirit shield (worn)
 h - a +0 leather armour
 v - a +0 cloak of poison resistance
 H - a +2 hat (worn)
 I - a +2 robe of fire resistance (worn)
Jewellery
 b - a +5 ring of intelligence (right hand)
 f - an uncursed ring of ice
 l - a +4 ring of evasion (left hand)
Wands
 a - a wand of paralysis (22)
 p - a wand of flame (15)
 L - a wand of clouds (5)
Scrolls
 g - 2 scrolls of blinking
 i - 3 scrolls of enchant armour
 j - 3 scrolls of magic mapping
 x - 2 scrolls of enchant weapon
 B - a scroll of fear
 M - a scroll of random uselessness {unknown}
Potions
 r - 2 potions of heal wounds
 z - 2 potions of might
 A - a potion of flight
 C - 2 potions of brilliance
 D - 3 potions of curing
Comestibles
 d - 18 rations
 t - 4 chunks of flesh


   Skills:
 - Level 4.5 Fighting
 + Level 4.0 Dodging
 - Level 5.0 Stealth
 - Level 3.0 Spellcasting
 - Level 6.2 Conjurations
 + Level 2.3 Hexes
   Level 1.0 Summonings
 - Level 4.0 Translocations
 - Level 2.0 Air Magic
 - Level 6.0 Poison Magic


You had 2 spell levels left.
You knew the following spells:

 Your Spells              Type           Power        Failure   Level  Hunger
a - Magic Dart            Conj           ####         1%          1    None
b - Blink                 Tloc           N/A          2%          2    ##.....
c - Confuse               Hex            ###.....     11%         3    ###....
s - Mephitic Cloud        Conj/Pois/Air  ####....     4%          3    ###....
x - Regeneration          Chrm/Necr      #.........   28%         3    ###....


Dungeon Overview and Level Annotations

Branches:
Dungeon (7/15)             Temple (1/1) D:5

Altars:
Cheibriados
Elyvilon
Fedhas
Kikubaaqudgha
Nemelex Xobeh
Okawaru
Sif Muna
Trog
Xom
Zin


Innate Abilities, Weirdness & Mutations

You cannot wear boots.
Your serpentine skin is tough. (AC +3)
You have supernaturally acute eyesight. (SInv)
Armour fits poorly on your strangely shaped body.
Your system is resistant to poisons. (rPois)
You cover ground very slowly.
You have a slow metabolism.
You can spit poison.


Message History

You are feeling hungry.
You climb upwards.
There is a stone staircase leading down here.
(D) Dungeon (T) Temple
Where to? (Enter - D:1, ? - help)
What level of the Dungeon? (default 1, ? - help) Eating one of 7 chunks of flesh.
You eat one of the 7 chunks of flesh.
This raw flesh tastes terrible.
You see here a spear.
Some of the chunks of flesh in your inventory have rotted away.
There is a stone staircase leading up here.
You climb upwards.
There is a stone staircase leading down here.
There is a stone staircase leading up here.
You climb upwards.
There is a stone staircase leading down here.
You see here 21 stones.
There is a staircase leading out of the dungeon here.
Are you sure you want to leave the Dungeon?
This will make you lose the game!
You have escaped!

.# #......# #.# ##
#......# #.#
##(#.#.# #.#
#......# #.#
#......# #.#
######## #.##.###
#.# #......#
#......# #.#
#.####.#
#......#########.#
##.####.#
#@...####>...##...
........#
#......#####.#....
.#รท###..#
#[.....# #.##...
.#.# #..# ####.#.#
#.....# ...# #..#
#......# #####.#
.#####..# #......#
#.# ........#####
#.##..## ##'#
##..###.....#
#......# ##...
##...######.#
#......# ##....


There were no monsters in sight!

Vanquished Creatures
  Pikel (D:4)
  Eustachio (D:5)
  Sigmund (D:5)
  Menkaure (D:4)
  Edmund (D:5)
  2 slaves (D:4)
  2 bullfrogs (D:6)
  7 wights
  A crimson imp (D:6)
  A bullfrog skeleton (D:3)
  A quasit (D:6)
  4 orc priests
  2 hounds
  Crazy Yiuf (D:2)
  2 worker ants
  6 orc wizards
  A hound skeleton (D:6)
  10 gnolls
  A worker ant zombie (D:6)
  A howler monkey skeleton (D:6)
  3 adders
  A shadow imp (D:6)
  An adder skeleton (D:4)
  4 worms
  3 dart slugs
  2 leopard geckos
  19 orcs
  9 bats
  2 giant cockroaches
  6 goblins
  4 hobgoblins
  18 jackals
  11 kobolds
  2 quokkas
  A ball python (D:2)
  5 frilled lizards
  A leopard gecko skeleton (D:5)
  A quokka skeleton (D:5)
  A quokka zombie (D:6)
  5 rats
146 creatures vanquished.

Notes
Turn   | Place    | Note
-------+----------+-------------------------------------------
     0 | D:1      | GameOver the Naga Wizard began the quest for the Orb.
     0 | D:1      | Reached XP level 1. HP: 15/15 MP: 4/4
   150 | D:1      | Reached XP level 2. HP: 22/22 MP: 4/6
   736 | D:1      | Reached XP level 3. HP: 28/28 MP: 5/7
   740 | D:1      | Learned a level 2 spell: Blink
   744 | D:1      | Learned a level 3 spell: Mephitic Cloud
  1156 | D:2      | Found a sparkling altar of Nemelex Xobeh.
  1168 | D:2      | Reached skill level 1 in Poison Magic
  1232 | D:2      | Reached XP level 4. HP: 28/36 MP: 4/8
  1387 | D:2      | Found a runed door.
  1795 | D:2      | Noticed Crazy Yiuf
  1806 | D:2      | Killed Crazy Yiuf
  1806 | D:2      | Reached XP level 5. HP: 33/42 MP: 0/9
  1973 | D:3      | Reached skill level 5 in Stealth
  2204 | D:3      | Reached XP level 6. HP: 46/49 MP: 5/10
  2917 | D:4      | Noticed a slave
  2917 | D:4      | Noticed a slave
  2917 | D:4      | Noticed a slave
  2919 | D:4      | Noticed Pikel
  2924 | D:4      | Killed a slave
  2928 | D:4      | Noticed a slave
  2932 | D:4      | Killed a slave
  2934 | D:4      | Killed Pikel
  2934 | D:4      | Reached skill level 5 in Conjurations
  2934 | D:4      | Reached XP level 7. HP: 57/60 MP: 9/11
  3062 | D:4      | Found Zin's Purification Station.
  3065 | D:4      | Found a glowing silver altar of Zin.
  3068 | D:4      | Bought a potion of curing for 90 gold pieces
  3134 | D:4      | Noticed Menkaure
  3144 | D:4      | Killed Menkaure
  3517 | D:5      | Entered Level 5 of the Dungeon
  3523 | D:5      | Noticed Eustachio
  3552 | D:5      | Killed Eustachio
  3552 | D:5      | Reached skill level 5 in Poison Magic
  3552 | D:5      | Reached XP level 8. HP: 54/69 MP: 9/12
  3595 | D:5      | Found a bloodstained altar of Trog.
  3666 | D:5      | Found an ancient bone altar of Kikubaaqudgha.
  3670 | D:5      | Became a worshipper of Kikubaaqudgha
  3723 | D:5      | Found a staircase to the Ecumenical Temple.
  3730 | Temple   | Entered the Ecumenical Temple
  3768 | D:5      | Noticed Sigmund
  3780 | D:5      | Killed Sigmund
  3873 | D:5      | Noticed Edmund
  3885 | D:5      | Killed Edmund
  3986 | D:6      | Reached skill level 1 in Air Magic
  4217 | D:6      | Reached * piety under Kikubaaqudgha
  4217 | D:6      | Identified Kikubaaqudgha's Grimoire of Evil (Kikubaaqudgha gifted it to you on level 6 of the Dungeon)
  4217 | D:6      | Received a gift from Kikubaaqudgha
  4223 | D:6      | Learned a level 3 spell: Regeneration
  4362 | D:6      | Reached XP level 9. HP: 73/79 MP: 4/13
  4486 | D:6      | Learned a level 3 spell: Confuse
  4607 | D:6      | Found a shimmering altar of Xom.
  4710 | D:7      | Reached skill level 1 in Hexes
  5063 | D:7      | Found a sparkling altar of Nemelex Xobeh.
  5151 | D:7      | Reached ** piety under Kikubaaqudgha
  5310 | D:$      | Got out of the dungeon alive.

Vault maps used:
D:1:      dpeg_arrival_ternary, grunt_decor_mini_mirrors
D:2:      lemuel_doored_altar, uniq_crazy_yiuf_cottage
D:4:      zin_purify, uniq_menkaure, uniq_pikel
D:5:      marbit_many_paths, old_standard_altar,
          minmay_temple_entry_statues_fountains, first_ration, uniq_eustachio,
          uniq_edmund, uniq_sigmund
D:6:      xom_butterflies
D:7:      nemelex_spade_bored_becter
Temple:   eino_temple_scatter_basement

Skill      XL: |  1  2  3  4  5  6  7  8  9 |
---------------+----------------------------+-----
Conjurations   | 2 3 4 5 6 |  6.2
Stealth        | 4 5 |  5.0
Poison Magic   | 1 2 3 4 5 6 |  6.0
Fighting       | 2 3 4 |  4.5
Air Magic      | 2 |  2.0
Dodging        | 3 4 |  4.0
Translocations | 3 4 |  4.0
Hexes          | 2 |  2.3
Spellcasting   | |  3.0
Summonings     | |  1.0

Action                   |  1- 3 |  4- 6 |  7- 9 || total
-------------------------+-------+-------+-------++-------
Melee: Whip              |     6 |       |       ||     6
       Dagger            |     1 |       |     1 ||     2
       Spear             |       |     3 |       ||     3
       Quarterstaff      |       |    31 |   144 ||   175
 Cast: Magic Dart        |    42 |    59 |    84 ||   185
       Blink             |       |     1 |    11 ||    12
       Mephitic Cloud    |       |     2 |     3 ||     5
 Abil: Spit Poison       |    35 |    33 |    35 ||   103
Evoke: Wand              |       |       |     2 ||     2
  Use: Scroll            |     1 |     2 |    10 ||    13
       Potion            |       |     1 |     2 ||     3
 Stab: Sleeping          |     1 |       |     2 ||     3
       Confused          |       |       |     3 ||     3
       Distracted        |       |       |     1 ||     1
  Eat: Chunk             |     2 |     7 |    10 ||    19
Armor: Robe              |     5 |    15 |    65 ||    85
Dodge: Dodged            |    16 |    26 |   157 ||   199

Table legend:
 A = Spawn XP
 B = Non-spawn XP
 C = Spawn XP percentage of total XP
 D = Spawn monster count
 E = Non-spawn monster count
 F = Spawn count percentage of total count
 G = Total turns spent on level
                    A         B        C        D         E        F      G
               +---------+---------+-------+---------+---------+-------+---------
         Total |       0 |    2945 |   0.0 |       0 |     144 |   0.0 |  5310
               +---------+---------+-------+---------+---------+-------+---------
           D:1 |       0 |      34 |   0.0 |       0 |      21 |   0.0 |   835
           D:2 |       0 |     139 |   0.0 |       0 |      29 |   0.0 |  1085
           D:3 |       0 |     243 |   0.0 |       0 |      28 |   0.0 |   877
           D:4 |       0 |     643 |   0.0 |       0 |       6 |   0.0 |   816
           D:5 |       0 |     638 |   0.0 |       0 |      14 |   0.0 |   454
           D:6 |       0 |     813 |   0.0 |       0 |      29 |   0.0 |   716
           D:7 |       0 |     435 |   0.0 |       0 |      17 |   0.0 |   506
               +---------+---------+-------+---------+---------+-------+---------
